 Dungeon Crawl Stone Soup version 0.17-a0-649-g87edefa (webtiles) character file.

504 Mygna the Firebug (level 6, -1/36 HPs)
             Began as a High Elf Fire Elementalist on Apr 17, 2015.
             Was an Initiate of Ashenzari.
             Killed from afar by an orc wizard (8 damage)
             ... with a puff of frost
             ... on level 4 of the Dungeon.
             The game lasted 00:14:59 (4356 turns).

Mygna the Firebug (High Elf Fire Elementalist)      Turns: 4356, Time: 00:14:59

Health: -1/36      AC:  3    Str:  7    XL:     6   Next: 96%
Magic:  0/10       EV: 13    Int: 21    God:    Ashenzari [......]
Gold:   231        SH:  5    Dex: 21    Spells: 3 memorised, 3 levels left

rFire  . . .     SeeInvis +     q - +2 long sword (distort) (curse)
rCold  . . .     Clarity  .     a - +0 robe (curse)
rNeg   . . .     SustAb   .     g - +0 buckler (curse)
rPois  .         Gourm    .     s - +0 helmet (curse)
rElec  .         Spirit   .     (no cloak)
rCorr  .         Warding  .     (no gloves)
rMut   .         Stasis   .     (no boots)
MR     .....                    n - amulet of rage (curse)
Stlth  ++........               t - ring of see invisible (curse)
                                l - +5 ring of dexterity (curse)

@: not resistant to hostile enchantments, unstealthy
A: no striking features
a: Renounce Religion, Evoke Berserk Rage


You were on level 4 of the Dungeon.
You worshipped Ashenzari.
Ashenzari was noncommittal.
You were not hungry.

You visited 1 branch of the dungeon, and saw 4 of its levels.
You also visited: Ossuary.

You collected 231 gold pieces.

Inventory:

Hand weapons
 e - a +1 short sword of holy wrath
 q - a cursed +2 long sword of distortion (weapon)
Missiles
 h - 8 throwing nets
 j - 6 javelins (quivered)
 u - 12 tomahawks
 w - 5 silver tomahawks
Armour
 a - a cursed +0 robe (worn)
 g - a cursed +0 buckler (worn)
 s - a cursed +0 helmet (worn)
Jewellery
 l - a cursed +5 ring of dexterity (left hand)
 n - a cursed amulet of rage (around neck)
 t - a cursed ring of see invisible (right hand)
Scrolls
 m - 3 scrolls of blinking
 x - a scroll of immolation
 y - 3 scrolls of identify
Potions
 d - a potion of curing {unknown}
 i - 2 potions of haste
 k - a potion of agility {unknown}
 o - a potion of cancellation
 p - 2 potions of heal wounds {unknown}
 r - a potion of ambrosia {unknown}
Books
 b - a book of Flames

   Spells                             Type                      Level
   a - Flame Tongue                   Conjuration/Fire             1
   b - Throw Flame                    Conjuration/Fire             2
   c - Conjure Flame                  Conjuration/Fire             3
   d - Inner Flame                    Hexes/Fire                   3
   e - Sticky Flame                   Conjuration/Fire             4
   f - Fireball                       Conjuration/Fire             5
Comestibles
 c - 3 bread rations
 f - 2 meat rations
 v - a slice of pizza


   Skills:
 - Level 2.1 Dodging
 - Level 2.1 Stealth
 + Level 2.5 Shields
 - Level 2.4 Spellcasting
 * Level 5.0 Conjurations
 * Level 5.5 Fire Magic


You had 3 spell levels left.
You knew the following spells:

 Your Spells              Type           Power        Failure   Level  Hunger
a - Flame Tongue          Conj/Fire      ###..        1%          1    None
b - Throw Flame           Conj/Fire      ###...       3%          2    ##.....
c - Conjure Flame         Conj/Fire      ###.....     8%          3    ###....


Dungeon Overview and Level Annotations

Branches:
Dungeon (4/15)
 Temple: D:4-7

Altars:
Ashenzari
Cheibriados
Gozag
Vehumet
Zin


Message History

Aim: an orc wizard, wielding a dagger and wearing a robe (severely wounded)
The flame tongue hits the orc wizard.
The orc wizard is almost dead.
The orc wizard mumbles some strange words.
The orc wizard flickers and vanishes for a moment.
The orc wizard hits you but does no damage.
You slash the orc wizard!
You kill the orc wizard!
The orc wizard points at you and mumbles some strange words.
The puff of flame hits you! The orc wizard casts a spell at you.
The magic dart hits you!
* * * LOW HITPOINT WARNING * * *
Drink which item? (? for menu, Esc to quit)
Okay, then.
You hit the orc wizard.
Space bends around the orc wizard.
The orc wizard is severely wounded.
The orc wizard gestures at you while chanting.
The puff of frost hits you!
You die...

##########.# #..#.##.#.......#
.........#.####....##.#.......#.
########.#................_......
#.######.<..#..#.......#.. #.#
#..#.##.#.......#.. #.#
#.......##.....## #.#
##.#.##.####.###
#.#######o#.##... .... #
#.#...)..@).#### ###
########.#.#######.# .........#.#
#.# ########.#.# #.# #### #.#.#
#.# ...# #.#.# #o# ##.# #.#.# #.#
##.# #.#.# #o# ##.# ##.#.# #o#


You could see an orc wizard.

Vanquished Creatures
  2 orc priests (D:4)
  3 centaur zombies (Ossuary)
  3 orc wizards
  A worker ant (D:4)
  An iguana (D:4)
  3 big kobold zombies (Ossuary)
  A hound skeleton (D:4)
  5 mummies
  An adder (D:3)
  2 worms
  2 giant geckos (D:3)
  8 orcs (D:3)
  6 bats
  A giant cockroach (D:3)
  7 hobgoblins
  3 jackals (D:2)
  8 kobolds
  A ball python (D:1)
  4 giant newts
  10 goblins
  4 hobgoblin zombies
  A jackal skeleton (D:4)
  An orc zombie (D:4)
  9 rats
87 creatures vanquished.

Vanquished Creatures (others)
  A bat (D:3)
1 creature vanquished.

Grand Total: 88 creatures vanquished

Notes
Turn   | Place    | Note
--------------------------------------------------------------
     0 | D:1      | Mygna, the High Elf Fire Elementalist, began the quest for the Orb.
     0 | D:1      | Reached XP level 1. HP: 11/11 MP: 4/4
   481 | D:1      | Reached XP level 2. HP: 17/17 MP: 3/6
   575 | D:1      | Learned a level 2 spell: Throw Flame
  1292 | D:2      | Reached XP level 3. HP: 21/21 MP: 0/7
  1807 | D:2      | Reached skill level 1 in Shields
  1836 | D:2      | Learned a level 3 spell: Conjure Flame
  2348 | D:3      | Found a glowing silver altar of Zin.
  2418 | D:3      | Found a snail-covered altar of Cheibriados.
  2486 | D:3      | Found a radiant altar of Vehumet.
  2511 | D:3      | Found a shattered altar of Ashenzari.
  2716 | D:3      | Reached skill level 4 in Fire Magic
  2729 | D:3      | Reached XP level 4. HP: 27/27 MP: 0/8
  3192 | D:4      | Found an opulent altar of Gozag.
  3230 | D:4      | Reached XP level 5. HP: 31/31 MP: 5/9
  3295 | D:4      | Found a sand-covered staircase.
  3302 | Ossuary  | Entered an ossuary
  3549 | Ossuary  | Reached XP level 6. HP: 20/36 MP: 3/10
  3728 | Ossuary  | Reached skill level 5 in Fire Magic
  3951 | D:3      | Became a worshipper of Ashenzari the Shackled
  4346 | D:4      | Reached skill level 5 in Conjurations
  4356 | D:4      | Killed from afar by an orc wizard

Action                   |  1- 3 |  4- 6 || total
-------------------------+-------+-------++-------
Melee: Unarmed           |     9 |       ||     9
       Short sword       |     1 |       ||     1
       Long sword        |     7 |    43 ||    50
Throw: Javelin           |     6 |     9 ||    15
 Cast: Flame Tongue      |    82 |    61 ||   143
       Throw Flame       |     3 |     1 ||     4
       Conjure Flame     |     1 |     6 ||     7
  Use: Scroll            |     8 |     3 ||    11
 Stab: Sleeping          |     2 |     2 ||     4
  Eat: Chunk             |     6 |     4 ||    10
       Beef jerky        |       |     1 ||     1
